 Dungeon Crawl Stone Soup version 0.18-b1-14-g029dad2 (webtiles) character file.

315 witsaw the Conjurer (level 6, 0/36 HPs)
             Began as a High Elf Conjurer on Apr 30, 2016.
             Slain by Pikel
             ... wielding a +1 whip of freezing
              (8 damage)
             ... on level 4 of the Dungeon.
             The game lasted 00:18:26 (2837 turns).

witsaw the Conjurer (High Elf Conjurer)             Turns: 2837, Time: 00:18:27

Health: 0/36       AC:  8    Str:  7    XL:     6   Next: 20%
Magic:  2/13       EV: 13    Int: 21    God:
Gold:   154        SH:  3    Dex: 16    Spells: 3 memorised, 7 levels left

rFire  . . .     SeeInvis .     n - +0 dagger
rCold  . . .     Gourm    .     a - +2 robe
rNeg   + . .     Faith    .     h - +0 buckler {AC+3}
rPois  .         Spirit   .     (no helmet)
rElec  .         Dismiss  .     x - +0 cloak
rCorr  .         Reflect  .     (no gloves)
SustAt .         Harm     .     (no boots)
MR     .....                    (no amulet)
Stlth  ++........               (no ring)
                                u - ring of positive energy

@: not resistant to hostile enchantments, unstealthy
A: no striking features
a: no special abilities


You were on level 4 of the Dungeon.
You were not hungry.

You visited 1 branch of the dungeon, and saw 4 of its levels.

You collected 154 gold pieces.

Inventory:

Hand Weapons
 d - a +0 hand axe
 f - a +0 short sword
 n - a +0 dagger (weapon)
Missiles
 y - 8 javelins of penetration (quivered)
Armour
 a - a +2 robe (worn)
 h - a +0 buckler of protection (worn)
 x - a +0 cloak (worn)
Jewellery
 u - a ring of positive energy (left hand)
Scrolls
 e - 3 scrolls of amnesia
 g - a scroll of immolation {unknown}
 m - a scroll of remove curse
 o - a scroll of noise {unknown}
 q - a scroll of magic mapping {unknown}
Potions
 k - a potion of degeneration {unknown}
 p - a potion of lignification {unknown}
 r - a potion of resistance {unknown}
 t - a potion of flight {unknown}
Books
 b - a book of Conjurations

   Spells                             Type                      Level
   a - Magic Dart                     Conjuration                  1
   b - Searing Ray                    Conjuration                  2
   c - Dazzling Spray                 Conjuration/Hexes            3
   d - Fulminant Prism                Conjuration/Hexes            4
   e - Iskenderun's Mystic Blast      Conjuration                  4
   f - Iskenderun's Battlesphere      Conjuration/Charms           5
 c - a book of Power

   Spells                             Type                      Level
   a - Fulminant Prism                Conjuration/Hexes            4
   b - Iskenderun's Mystic Blast      Conjuration                  4
   c - Venom Bolt                     Conjuration/Poison           5
   d - Bolt of Magma                  Conjuration/Fire/Earth       5
   e - Iron Shot                      Conjuration/Earth            6
   f - Orb of Destruction             Conjuration                  7
   g - Spellforged Servitor           Conjuration/Summoning        7
 w - a book of Ice

   Spells                             Type                      Level
   a - Ice Form                       Ice/Transmutation            4
   b - Metabolic Englaciation         Hexes/Ice                    5
   c - Ozocubu's Refrigeration        Ice                          6
   d - Bolt of Cold                   Conjuration/Ice              6
   e - Freezing Cloud                 Conjuration/Ice/Air          6
   f - Simulacrum                     Ice/Necromancy               6
Comestibles
 i - a meat ration
 j - 3 royal jellies
 l - 2 bread rations
 s - a slice of pizza
 v - a beef jerky


   Skills:
 + Level 0.8 Short Blades
 + Level 3.5 Dodging
 + Level 3.3 Stealth
 + Level 4.2 Spellcasting
 + Level 6.3 Conjurations


You had 7 spell levels left.
You knew the following spells:

 Your Spells              Type           Power        Failure   Level  Hunger
a - Magic Dart            Conj           ####         1%          1    None
b - Searing Ray           Conj           ####..       2%          2    #......
c - Dazzling Spray        Conj/Hex       ###.....     17%         3    ###....


Dungeon Overview and Level Annotations

Branches:
Dungeon (4/15)
 Temple: D:4-7

Altars:
Ashenzari
The Shining One

Annotations:
D:4 Pikel


Message History

You hit Pikel but do no damage.
Pikel is almost dead.
Pikel closely misses you.
You hit Pikel but do no damage.
Pikel is almost dead.
Pikel hits you but does no damage.
You hit Pikel but do no damage.
Pikel is almost dead.
Pikel says, "I'm sure the Orcish Mines are around here somewhere..."
Pikel misses you.
You hit Pikel but do no damage.
Pikel is almost dead.
Pikel hits you with a whip of freezing.
* * * LOW HITPOINT WARNING * * *
Pikel freezes you.
* * * LOW HITPOINT WARNING * * *
You barely miss Pikel.
Pikel is almost dead.
Pikel hits you with a whip of freezing!
You die...

##### ....#
####### ###.#
#.....# #.#
#.###.#
##.####.# #.#
#.......# #.#
######### #.#
####.###########
#.......@Kpppp..
#.##.###########
# #.# ..# ####


You could see Pikel and 4 slaves.

Vanquished Creatures
  A phantom (D:4)
  A giant frog skeleton (D:4)
  An orc wizard (D:3)
  7 adders
  3 gnolls (D:2)
  A worm (D:2)
  2 dart slugs
  4 giant geckos
  4 orcs (D:3)
  A ball python (D:3)
  5 bats
  A giant cockroach (D:2)
  8 goblins
  9 hobgoblins
  7 kobolds
  6 giant newts
  9 rats
70 creatures vanquished.

Notes
Turn   | Place    | Note
--------------------------------------------------------------
     0 | D:1      | witsaw the High Elf Conjurer began the quest for the Orb.
     0 | D:1      | Reached XP level 1. HP: 11/11 MP: 4/4
   282 | D:1      | Reached XP level 2. HP: 17/17 MP: 3/6
   556 | D:1      | Reached skill level 5 in Conjurations
   724 | D:2      | Reached XP level 3. HP: 21/21 MP: 1/8
   744 | D:2      | Found a glowing golden altar of the Shining One.
   773 | D:2      | Learned a level 2 spell: Searing Ray
   987 | D:2      | Reached XP level 4. HP: 22/27 MP: 1/9
  1765 | D:3      | Reached XP level 5. HP: 31/31 MP: 6/11
  1794 | D:3      | Found a shattered altar of Ashenzari.
  1918 | D:3      | Learned a level 3 spell: Dazzling Spray
  2099 | D:3      | Reached skill level 6 in Conjurations
  2594 | D:4      | Noticed a phantom
  2649 | D:4      | Killed a phantom
  2649 | D:4      | Reached XP level 6. HP: 15/36 MP: 1/13
  2811 | D:4      | Noticed a slave
  2812 | D:4      | Noticed a slave
  2813 | D:4      | Noticed Pikel
  2814 | D:4      | Noticed a slave
  2817 | D:4      | Noticed a slave
  2837 | D:4      | Slain by Pikel

Skill      XL: |  1  2  3  4  5 |
---------------+----------------+-----
Conjurations   | 5 6 |  6.3
Spellcasting   | 3 4 |  4.2
Stealth        | 3 |  3.3
Dodging        | 3 |  3.5
Short Blades   | |  0.8

Action                   |  1- 3 |  4- 6 || total
-------------------------+-------+-------++-------
Melee: Dagger            |     4 |    71 ||    75
 Cast: Magic Dart        |    50 |    22 ||    72
       Searing Ray       |     4 |    20 ||    24
  Use: Scroll            |     2 |     6 ||     8
       Potion            |       |     4 ||     4
  Eat: Bread ration      |       |     1 ||     1
       Chunk             |       |     1 ||     1
       Meat ration       |       |     1 ||     1
Armor: Robe              |     3 |    25 ||    28
Dodge: Dodged            |    16 |    59 ||    75
Block: Buckler           |       |     4 ||     4
